Unix NetHack Version 5.0.0-0 post-release - last build May  4 2026 22:22:43 (774f63e81ad911689b3a0859ea89b322d5daca8d,branch:main).

Game began 2026-05-08 13:00:43, ended 2026-05-08 13:19:22.

2461479678, neutral female human Valkyrie

  ----
  |..----
  --....|
  --....|
  |...--- --.h
  --..-   |)@G
   |...---|..>
  --*....-##..
  |..--.-.-|.-
  |^.||....|?|
  ------..--.|
       |.<...|
       |....--
       ------

2461479678 the Stripling    St:13 Dx:14 Co:18 In:10 Wi:12 Ch:8  Neutral
Dlvl:4  $:35 HP:0(26) Pw:3(3) AC:6  Xp:2 T:1116 

Latest messages:
 You kill the hobbit!
 Welcome to experience level 2.
 You kill the gecko!
 You see here a gecko corpse.
 You see here a gecko corpse.
 There is a gecko corpse here; eat it? [ynq] (n) y
 This gecko corpse is fatty.
 You finish eating the gecko corpse.
 You are beginning to feel hungry.
 You hear the chime of a cash register.
 You see here 10 gold pieces.
 $ - 10 gold pieces (35 in total).
 This door is locked.
 Unlock it with your key? [ynq] (q) y
 You succeed in unlocking the door.
 The door opens.
 "Velkommen, 2461479678!  Welcome to Swidnica's liquor emporium!"
 You kill the gecko!
 You descend the stairs.
 Valkyrie needs food, badly!
 What do you want to eat? [d or ?*] d
 This food really hits the spot!
 You finish eating the food ration.
 You see here 2 yellow gems.
 An arrow shoots out at you!
 You are hit by an arrow!
 You hear crashing rock.
 You see here 2 yellow gems.
 You miss the gnome.
 The gnome hits!
 You hit the gnome.
 You kill the gnome!
 You see here a scroll labeled ABRA KA DABRA.
 You are hit by an orcish spear.
 You miss the dwarf.
 The dwarf swings his dwarvish mattock.
 The dwarf misses!
 You miss the dwarf.
 The dwarf swings his dwarvish mattock.
 The dwarf hits!
 The gnome hits!
 You hit the gnome.
 The dwarf swings his dwarvish mattock.
 The dwarf hits!
 You die...
 Do you want your possessions identified? [ynq] (y) y
 Do you want to see your attributes? [ynq] (y) n
 Do you want an account of creatures vanquished? [ynaq] (y) n
 Do you want to see your conduct and achievements? [ynq] (y) n
 Do you want to see the dungeon overview? [ynq] (y) n

Inventory:
 Coins    ('$')
  $ - 35 gold pieces
 Weapons  (')')
  b - a +0 dagger (alternate weapon; not wielded)
  i - a +0 orcish dagger
  a - a +1 spear (weapon in right hand)
  l - a cursed +0 aklys
  f - a +0 mace
 Armor    ('[')
  k - an uncursed +0 helmet
  j - an uncursed +0 orcish helm
  c - an uncursed +3 small shield (being worn)
 Comestibles  ('%')
  d - an uncursed food ration
 Tools    ('(')
  e - an uncursed oil lamp
  g - an uncursed skeleton key

2461479678 the Valkyrie's attributes:

Background:
 You were a Stripling, a level 2 human Valkyrie.
 You were neutral, nominally on a mission for Odin
 who was opposed by Tyr (lawful) and Loki (chaotic).
 You were right-handed.
 You were in the Gnomish Mines, on level 4.
 You entered the dungeon 1116 turns ago.
 You had 35 experience points, 5 more were needed to attain level 3.

Basics:
 You had 0 out of 26 hit points.
 You had all 3 energy points (spell power).
 Your armor class was 6.
 Your wallet contained 35 zorkmids.
 Autopickup was off.

Final Characteristics:
 Your strength was 13 (limit:18/100).
 Your dexterity was 14 (limit:18).
 Your constitution was 18 (limit:18).
 Your intelligence was 10 (limit:18).
 Your wisdom was 12 (limit:18).
 Your charisma was 8 (limit:18).

Final Status:
 You weren't hungry.
 You were unencumbered.
 You were wielding a spear.
 You had basic skill with spear.

Final Attributes:
 You were devoutly aligned.
 You were cold resistant.
 You are dead.

Miscellaneous:
 You didn't encounter any bones levels.
 Total elapsed playing time was 18 minutes and 34 seconds.

Major events:
 Turn
    1: 2461479678 the neutral human Valkyrie entered the dungeon
 1039: entered the Gnomish Mines
 1116: killed by a dwarf

You didn't know any spells.

Skills:
 Fighting Skills
   bare handed combat [Unskilled]
   two weapon combat  [Unskilled]
   riding             [Unskilled]
 Weapon Skills
   dagger             [Basic]
   axe                [Unskilled]
   pick-axe           [Unskilled]
   short sword        [Unskilled]
   broadsword         [Unskilled]
   long sword         [Unskilled]
   two-handed sword   [Unskilled]
   saber              [Unskilled]
   hammer             [Unskilled]
   quarterstaff       [Unskilled]
   polearms           [Unskilled]
   spear              [Basic]
   trident            [Unskilled]
   lance              [Unskilled]
   sling              [Unskilled]
 Spellcasting Skills
   attack spells      [Unskilled]
   escape spells      [Unskilled]

Voluntary challenges:
 Character rerolling was not enabled.
 You were an atheist.
 You were illiterate.
 You never genocided any monsters.
 You never polymorphed an object.
 You never changed form.
 You used no wishes.
Achievements:
 You entered a shop.
 You entered the Gnomish Mines.

 The Dungeons of Doom: levels 1 to 3
    Level 1:
    Level 2:
       A scroll shop, a grave.
    Level 3:
       A potion shop.
       Stairs down to The Gnomish Mines.
 The Gnomish Mines:
    Level 4: <- You were here.
       Final resting place for
          you, killed by a dwarf.


Vanquished creatures:
  a hobbit
  2 giant rats
  a yellow mold
  a gnome
  2 geckos
  a jackal
  2 goblins
  a lichen
  a kobold zombie
  2 newts
14 creatures vanquished.

No species were genocided or became extinct.

Game over:
                       ----------
                      /          \
                     /    REST    \
                    /      IN      \
                   /     PEACE      \
                  /                  \
                  |    2461479678    |
                  |      35 Au       |
                  |   killed by a    |
                  |      dwarf       |
                  |                  |
                  |                  |
                  |       2026       |
                 *|     *  *  *      | *
        _________)/\\_//(\/(/\)/\//\/|_)_______

Farvel 2461479678 the Valkyrie...

You died in The Gnomish Mines on dungeon level 4 with 322 points,
and 35 pieces of gold, after 1116 moves.
You were level 2 with a maximum of 26 hit points when you died.

